 Dungeon Crawl Stone Soup version 0.23.1 (webtiles) character file.

Game seed: 442529965065445035

34 vishdafish the Skirmisher (level 3, 0/36 HPs)
             Began as a Troll Fighter on Mar 17, 2019.
             Slain by a gnoll
             ... wielding a cursed -2 halberd
              (9 damage)
             ... on level 1 of the Dungeon.
             The game lasted 00:01:06 (860 turns).

vishdafish the Skirmisher (Troll Fighter)            Turns: 860, Time: 00:01:06

Health: 0/36       AC:  6    Str: 29    XL:     3   Next: 14%
Magic:  2/2        EV:  8    Int:  5    God:
Gold:   20         SH:  9    Dex:  9    Spells: 2/2 levels left

rFire    . . .     SeeInvis .   e - +3 short sword
rCold    . . .     Gourm    +   c - +0 shield
rNeg     . . .     Faith    .   b - +0 robe
rPois    .         Spirit   .   (helmet restricted)
rElec    .         Reflect  .   (no cloak)
rCorr    .         Harm     .   (gloves unavailable)
MR       .....                  (boots unavailable)
Stlth    +.........             (no amulet)
HPRegen  0.52/turn              (no ring)
MPRegen  0.08/turn              (no ring)

@: mighty
A: large, unfitting armour, claws 3, fast metabolism 3, gourmand, regeneration
1, shaggy fur 1, tough skin 3
a: no special abilities


You were on level 1 of the Dungeon.
You were near starving.

You visited 1 branch of the dungeon, and saw 2 of its levels.

You collected 20 gold pieces.

Inventory:

Hand Weapons
 a - a +0 long sword
 e - a +3 short sword (weapon)
Armour
 b - a +0 robe (worn)
 c - a +0 shield (worn)
Jewellery
 i - an uncursed amulet of faith {unknown}
Scrolls
 g - 3 scrolls of teleportation {unknown}
Potions
 h - a potion of curing {unknown}
 j - a potion of heal wounds {unknown}
 k - a potion of degeneration {unknown}
Comestibles
 f - 3 rations


   Skills:
 + Level 2.8 Fighting
 * Level 2.5 Long Blades
 - Level 2.5 Dodging
 - Level 2.4 Shields


You had 2 spell levels left.
You didn't know any spells.
Your spell library was empty.

Dungeon Overview and Level Annotations

Branches:
Dungeon (2/15)

Altars:


Innate Abilities, Weirdness & Mutations

You are too large for most types of armour.
You have claws for hands.
Your metabolism is lightning-fast.
You like to eat raw meat.
Your natural rate of healing is unusually fast.
You are covered in fur. (AC +1)
You have extremely tough skin. (AC +3)


Message History

There is a stone staircase leading down here.
You climb downwards.
There is a stone staircase leading up here.
You block the gnoll's attack.
The gnoll hits you with a cursed -2 halberd.
You block the gnoll's attack. The gnoll closely misses you.
There is a stone staircase leading up here.
You block the gnoll's attack.
The gnoll hits you with a cursed -2 halberd!
There is a stone staircase leading up, spattered with blood here.
The gnoll hits you with a +0 spear. You block the gnoll's attack.
You climb upwards.
There is a stone staircase leading down here.
You closely miss the gnoll. You block the gnoll's attack.
You barely miss the gnoll. The gnoll hits you with a +0 spear!
* * * LOW HITPOINT WARNING * * *
The gnoll closely misses you. The gnoll hits you but does no damage.
You feel very mighty all of a sudden.
The gnoll hits you with a cursed -2 halberd!
You die...

#...>#.## ##.## #.# # ##..##.#
###...######.###### #.###.#
#..................
###..##.#######.#.###............
..............)..## ##..##.######
####.#####.####.## ##..........
#.# #.# #.# #..#.###### #.# #.#
#g## ##.......... ####.# #.#
##@## ##...######## .)...# #.#
#)g###.#..# # ###### #.#
#.#.......# # #.#
#.#..####.######## #.# ###.#..#
#......... #.#
#...#..####..####### ####### ###
#####........####### ......####
#.....##......... ######...##
####.###.##..###....


You could see 2 gnolls.

Vanquished Creatures
  A gnoll (D:1)
  2 dart slugs
  3 giant cockroaches (D:1)
  2 goblins
  3 hobgoblins (D:1)
  2 bats (D:1)
  A frilled lizard (D:1)
  4 kobolds (D:1)
  3 rats (D:1)
21 creatures vanquished.

Vanquished Creatures (others)
  A kobold (D:2)
1 creature vanquished.

Grand Total: 22 creatures vanquished

Notes
Turn   | Place    | Note
-------+----------+-------------------------------------------
     0 | D:1      | vishdafish the Troll Fighter began the quest for the Orb.
     0 | D:1      | Reached XP level 1. HP: 22/22 MP: 0/0
   141 | D:1      | Reached XP level 2. HP: 28/29 MP: 1/1
   812 | D:1      | Reached XP level 3. HP: 18/36 MP: 2/2
   860 | D:1      | Slain by a gnoll

Skill      XL: |  1 |
---------------+----+-----
Long Blades    | 2 |  2.5
Fighting       | |  2.8
Dodging        | |  2.5
Shields        | |  2.4

Action                   || total
-------------------------++-------
Melee: Short sword       ||    62
       Long sword        ||     2
  Use: Potion            ||     1
 Stab: Sleeping          ||     1
  Eat: Ration            ||     1
Armor: Robe              ||    18
Dodge: Dodged            ||    20
Block: Shield            ||    25
